Panthers vs Nordiques
Created - December 27, 2018 at 19:12
Goals
|
| Panthers |
0 |
2 |
3 |
5 |
| Nordiques |
0 |
2 |
1 |
3 |
|
Shots
|
| Panthers |
8 |
15 |
9 |
32 |
| Nordiques |
7 |
11 |
6 |
24 |
|
1st period
No Goal
Penalties :
T.J. Fast (Que) for Hooking (Minor) at 5:14, Mike Weber (Flo) for Hooking (Minor) at 12:55, Trevor Daley (Que) for Interference (Minor) at 18:16
2nd period
1. Panthers , Tomas Kopecky 11 (Brayden Schenn 17, Erik Gudbranson 15) at 0:14 (PP)
2. Nordiques , Jean-Pierre Dumont 13 (R.J. Umberger 17, Chris Drury 9) at 1:58
3. Nordiques , Matt Moulson 6 (David Legwand 17, Trevor Daley 5) at 2:35
4. Panthers , Erik Gudbranson 4 (Brayden Schenn 18) at 19:17 (PP)
Penalties :
Fedor Tyutin (Que) for Hooking (Minor) at 7:23, Jean-Gabriel Pageau (Flo) for Tripping (Minor) at 14:53, Dustin Byfuglien (Que) for Hooking (Minor) at 19:15, Fedor Tyutin (Que) for Tripping (Minor) at 19:39, Matthew Spiller (Flo) for Tripping (Minor) at 19:53
3rd period
5. Panthers , Brayden Schenn 9 (Kyle Clifford 16, Tomas Kopecky 15) at 8:56
6. Panthers , Tomas Kopecky 12 (Mike Komisarek 8, Brayden Schenn 19) at 17:13
7. Panthers , Daniel Sedin 4 (Matthew Spiller 10, Jean-Gabriel Pageau 12) at 18:01 (PP)
8. Nordiques , Vladimir Tarasenko 26 (Marc Savard 30) at 19:42 (PP)
Penalties :
Jean-Gabriel Pageau (Flo) for Hooking (Minor) at 9:36, David Legwand (Que) for Slashing (Minor) at 14:51, David Legwand (Que) for Roughing (Minor) at 17:35, Tomas Kopecky (Flo) for Holding (Minor) at 19:39
Goalie Stats
Antti Niemi (Flo), 21 saves from 24 shots - (0.875), W, 9-8-7, 60:00 minutes
Jonathan Quick (Que), 27 saves from 32 shots - (0.844), L, 13-12-3, 60:00 minutes
Players Stats for Panthers
Player Name G A P +/- PIM S H SB GA TA FO MP PP MP PK MP
------------------------------------------------------------------------------------
Alex Galchenyuk 0 0 0 -1 0 2 0 0 0 0 0/0 11:31 0:00 1:30
Alexander Perezhogin 0 0 0 0 0 0 3 0 0 0 0/0 8:46 0:00 1:36
Brayden Schenn 1 3 4 2 0 4 1 0 1 1 15/32 21:42 5:00 0:47
Daniel Sedin 1 0 1 -1 0 2 0 0 0 0 0/1 15:17 3:37 0:00
Drew Stafford 0 0 0 -1 0 4 1 1 0 0 0/0 18:44 3:37 3:02
Eric Wellwood 0 0 0 0 0 0 1 0 1 1 0/0 6:59 0:00 0:11
Erik Christensen 0 0 0 -1 0 1 1 0 0 1 3/8 13:10 0:00 3:06
Erik Gudbranson 1 1 2 0 0 3 3 2 1 1 0/0 28:18 4:36 3:28
Jean-Gabriel Pageau 0 1 1 -1 4 1 5 0 0 0 4/10 16:16 3:37 0:34
Jonathan Matsumoto 0 0 0 0 0 0 1 0 0 0 0/0 6:35 0:00 0:00
Jonathan Sigalet 0 0 0 0 0 2 2 1 0 1 0/0 21:48 4:01 2:50
Kyle Clifford 0 1 1 2 0 1 1 0 1 1 1/3 22:47 5:00 1:42
Matthew Spiller 0 1 1 0 2 1 2 2 0 2 0/0 27:07 4:35 3:10
Mike Komisarek 0 1 1 0 0 3 1 0 1 0 0/0 21:30 4:01 3:00
Mike Weber 0 0 0 0 2 1 0 0 0 1 0/0 11:16 0:00 0:00
Patrick Eaves 0 0 0 -1 0 1 0 1 0 0 1/2 8:54 0:00 0:00
Radko Gudas 0 0 0 0 0 2 1 0 0 1 0/0 11:29 0:00 0:00
Tomas Kopecky 2 1 3 2 2 4 1 2 0 0 0/1 19:47 5:00 0:00
Players Stats for Nordiques
Player Name G A P +/- PIM S H SB GA TA FO MP PP MP PK MP
------------------------------------------------------------------------------------
Chris Drury 0 1 1 1 0 1 0 0 0 0 6/9 12:21 0:00 0:31
David Legwand 0 1 1 -1 4 2 2 1 0 0 5/8 15:15 2:52 1:31
Dustin Byfuglien 0 0 0 -1 2 0 1 1 1 0 0/0 10:44 0:00 0:00
Fedor Tyutin 0 0 0 0 4 2 0 2 0 1 0/0 26:11 3:40 3:47
George Parros 0 0 0 0 0 2 1 0 0 0 0/0 7:48 0:09 0:00
Jean-Pierre Dumont 1 0 1 1 0 4 0 0 0 0 0/0 14:22 2:52 0:00
Kyle Calder 0 0 0 -1 0 2 0 0 0 0 0/0 9:38 0:09 1:11
Marc Savard 0 1 1 0 0 2 1 0 0 1 18/33 23:08 3:13 4:59
Mark Eaton 0 0 0 2 0 1 0 1 0 0 0/0 18:30 0:00 2:26
Martin St. Louis 0 0 0 0 0 2 2 0 1 0 0/0 10:16 0:09 0:00
Matt Moulson 1 0 1 0 0 1 0 0 0 1 0/0 9:37 0:00 0:00
Paul Gaustad 0 0 0 0 0 0 0 0 0 0 1/2 9:57 0:00 2:10
R.J. Umberger 0 1 1 0 0 2 1 0 1 0 1/1 16:29 2:52 1:44
Ryan Ellis 0 0 0 0 0 0 0 4 4 2 0/0 27:59 3:28 4:37
Simon Gagné 0 0 0 0 0 1 1 2 0 0 2/3 16:50 3:01 0:00
T.J. Fast 0 0 0 -2 2 0 1 0 0 0 0/0 15:27 2:46 3:10
Trevor Daley 0 1 1 1 2 0 4 1 2 0 0/0 21:42 2:46 3:14
Vladimir Tarasenko 1 0 1 0 0 2 2 0 1 0 0/1 23:17 3:13 5:08
3 Stars
1 - Brayden Schenn (Flo)
2 - Tomas Kopecky (Flo)
3 - Erik Gudbranson (Flo)
Power Play
Panthers - 3 on 7 Attempt(s) - 42.86%
Nordiques - 1 on 5 Attempt(s) - 20.00%
Penalty Kill
Panthers - 4 on 5 Attempt(s) - 80.00%
- Score 0 goal in Penalty Kill
Nordiques - 4 on 7 Attempt(s) - 57.14%
- Score 0 goal in Penalty Kill
Team Stat
Panthers - Hits : 24 - Faceoff Wins : 24 - Blocked Shots : 9 - Penalty Minutes : 10
Nordiques - Hits : 16 - Faceoff Wins : 33 - Blocked Shots : 12 - Penalty Minutes : 14
Official
Referees : Unknown
Linesman : Unknown
Game Notes
No Game Note
Finance
Level 1 -- Attendance: 3984 (66.40%) -- Ticket Income $418,320
Level 2 -- Attendance: 3239 (64.78%) -- Ticket Income $210,535
Level 3 -- Attendance: 1194 (59.70%) -- Ticket Income $54,924
Level 4 -- Attendance: 2649 (66.23%) -- Ticket Income $92,715
Luxury Box -- Attendance: 1000 (100.00%) -- Ticket Income $165,000
Game was played at the Centre Videotron.
Total Attendance: 12066 (67.03%)
Total Ticket Income: $941,494
Other Income: $141,224
Total Income: $1,082,718
Panthers
5 vs 5 Forward
Center Left Wing Right Wing Time % Phy DF OF
1 Brayden Schenn Kyle Clifford Tomas Kopecky 40 1 2 2
2 Jean-Gabriel Pageau Daniel Sedin Drew Stafford 30 1 2 2
3 Erik Christensen Alex Galchenyuk Patrick Eaves 20 1 2 2
4 Jonathan Matsumoto Eric Wellwood Alexander Perezhogin 10 1 2 2
5 vs 5 Defense
Defense Defense Time % Phy DF OF
1 Erik Gudbranson Matthew Spiller 40 1 2 2
2 Jonathan Sigalet Mike Komisarek 30 1 2 2
3 Mike Weber Radko Gudas 20 1 2 2
4 Erik Gudbranson Matthew Spiller 10 1 2 2
PowerPlay Forward
Center Left Wing Right Wing Time % Phy DF OF
1 Brayden Schenn Kyle Clifford Tomas Kopecky 60 1 2 2
2 Jean-Gabriel Pageau Daniel Sedin Drew Stafford 40 1 2 2
PowerPlay Defense
Defense Defense Time % Phy DF OF
1 Erik Gudbranson Matthew Spiller 60 1 2 2
2 Jonathan Sigalet Mike Komisarek 40 1 2 2
Penalty Kill 4 Players Forward
Center Wing Time % Phy DF OF
1 Erik Christensen Drew Stafford 60 1 2 2
2 Jean-Gabriel Pageau Kyle Clifford 40 1 2 2
Penalty Kill 4 Players Defense
Defense Defense Time % Phy DF OF
1 Erik Gudbranson Matthew Spiller 60 1 2 2
2 Jonathan Sigalet Mike Komisarek 40 1 2 2
Penalty Kill - 3 Players Forward
Forward Time % Phy DF OF
1 Erik Christensen 60 1 2 2
2 Drew Stafford 40 1 2 2
Penalty Kill - 3 Players Defense
Defense Defense Time % Phy DF OF
1 Erik Gudbranson Matthew Spiller 60 1 2 2
2 Jonathan Sigalet Mike Komisarek 40 1 2 2
4 vs 4 Forward
Center Wing Time % Phy DF OF
1 Brayden Schenn Kyle Clifford 60 1 2 2
2 Jean-Gabriel Pageau Daniel Sedin 40 1 2 2
4 vs 4 Defense
Defense Defense Time % Phy DF OF
1 Erik Gudbranson Matthew Spiller 60 1 2 2
2 Jonathan Sigalet Mike Komisarek 40 1 2 2
Last Minutes Offensive
Center Left Wing Right Wing Defense Defense
Brayden Schenn Kyle Clifford Drew Stafford Erik Gudbranson Jonathan Sigalet
Last Minutes Defensive
Center Left Wing Right Wing Defense Defense
Brayden Schenn Kyle Clifford Drew Stafford Erik Gudbranson Jonathan Sigalet
Goaltenders
Starting : Antti Niemi
Backup : Petr Mrazek
Extra Forwards
Normal : Alex Galchenyuk, Brayden Schenn, Jean-Gabriel Pageau - PP : Alex Galchenyuk, Kyle Clifford - PK : Alexander Perezhogin
Extra Defensemen
Normal : Jonathan Sigalet, Erik Gudbranson, Radko Gudas - PP : Mike Weber - PK : Jonathan Sigalet, Erik Gudbranson
Penalty Shots
Alex Galchenyuk, Daniel Sedin, Drew Stafford, Erik Christensen, Kyle Clifford
Scratches
Nigel Dawes (Healthy), William Colbert (Healthy)
Nordiques
5 vs 5 Forward
Center Left Wing Right Wing Time % Phy DF OF
1 Marc Savard Simon Gagné Vladimir Tarasenko 40 0 1 4
2 Chris Drury R.J. Umberger Jean-Pierre Dumont 30 1 1 3
3 David Legwand Matt Moulson Martin St. Louis 20 1 1 3
4 Paul Gaustad Kyle Calder George Parros 10 2 1 2
5 vs 5 Defense
Defense Defense Time % Phy DF OF
1 Fedor Tyutin Ryan Ellis 40 1 3 1
2 Mark Eaton Trevor Daley 30 1 3 1
3 Dustin Byfuglien T.J. Fast 20 1 3 1
4 Fedor Tyutin Ryan Ellis 10 1 3 1
PowerPlay Forward
Center Left Wing Right Wing Time % Phy DF OF
1 Marc Savard Simon Gagné Vladimir Tarasenko 60 0 0 5
2 David Legwand R.J. Umberger Jean-Pierre Dumont 40 0 0 5
PowerPlay Defense
Defense Defense Time % Phy DF OF
1 Fedor Tyutin Ryan Ellis 60 0 2 3
2 Trevor Daley T.J. Fast 40 0 2 3
Penalty Kill 4 Players Forward
Center Wing Time % Phy DF OF
1 Marc Savard Vladimir Tarasenko 60 1 4 0
2 David Legwand Paul Gaustad 40 1 4 0
Penalty Kill 4 Players Defense
Defense Defense Time % Phy DF OF
1 Fedor Tyutin Ryan Ellis 60 1 4 0
2 Trevor Daley T.J. Fast 40 1 4 0
Penalty Kill - 3 Players Forward
Forward Time % Phy DF OF
1 Marc Savard 60 0 5 0
2 Vladimir Tarasenko 40 0 5 0
Penalty Kill - 3 Players Defense
Defense Defense Time % Phy DF OF
1 Fedor Tyutin Ryan Ellis 60 1 4 0
2 Mark Eaton Trevor Daley 40 1 4 0
4 vs 4 Forward
Center Wing Time % Phy DF OF
1 Marc Savard Vladimir Tarasenko 60 0 1 4
2 David Legwand Chris Drury 40 0 1 4
4 vs 4 Defense
Defense Defense Time % Phy DF OF
1 Fedor Tyutin Ryan Ellis 60 1 4 0
2 Mark Eaton Trevor Daley 40 1 4 0
Last Minutes Offensive
Center Left Wing Right Wing Defense Defense
Marc Savard Simon Gagné Vladimir Tarasenko Fedor Tyutin Ryan Ellis
Last Minutes Defensive
Center Left Wing Right Wing Defense Defense
Marc Savard Simon Gagné Vladimir Tarasenko Fedor Tyutin Ryan Ellis
Goaltenders
Starting : Jonathan Quick
Backup : Philipp Grubauer
Extra Forwards
Normal : Vladimir Tarasenko, Martin St. Louis, David Legwand - PP : Vladimir Tarasenko, Martin St. Louis - PK : R.J. Umberger
Extra Defensemen
Normal : Ryan Ellis, Fedor Tyutin, Dustin Byfuglien - PP : Ryan Ellis - PK : Mark Eaton, Fedor Tyutin
Penalty Shots
Marc Savard, Vladimir Tarasenko, David Legwand, Chris Drury, Simon Gagné
Scratches
Mike Fisher (Healthy), Kevin Veilleux (Healthy), Matt Irwin (Healthy), Julien Ellis (Healthy)
% Time on Ice - Panthers
Lines # - Real PCT - Wanted PCT - Time Play
Normal Forward
1 - 38% - 40% - 16:23
2 - 27% - 30% - 11:32
3 - 21% - 20% - 8:54
4 - 15% - 10% - 6:35
Normal Defense
1 - 40% - 40% - 17:26
2 - 32% - 30% - 13:46
3 - 25% - 20% - 10:57
4 - 3% - 10% - 1:15
PP Forward
1 - 58% - 60% - 5:00
2 - 42% - 40% - 3:37
PP Defense
1 - 53% - 60% - 4:36
2 - 47% - 40% - 4:01
PK Forward
1 - 73% - 60% - 4:32
2 - 27% - 40% - 1:42
PK Defense
1 - 56% - 60% - 3:28
2 - 44% - 40% - 2:46
PK3 Forward
1 - 0% - 60%
2 - 0% - 40%
PK3 Defense
1 - 0% - 60%
2 - 0% - 40%
44 Forward
1 - 78% - 60% - 1:22
2 - 22% - 40% - 0:23
44 Defense
1 - 100% - 60% - 1:45
2 - 0% - 40% - 0:00
Last Minute Offensive - 0:00
Last Minute Defensive - 0:00
Total
Forward - 60:00
Defense - 60:00
|
% Time on Ice - Nordiques
Lines # - Real PCT - Wanted PCT - Time Play
Normal Forward
1 - 33% - 40% - 14:30
2 - 27% - 30% - 11:52
3 - 22% - 20% - 9:37
4 - 17% - 10% - 7:25
Normal Defense
1 - 39% - 40% - 17:05
2 - 35% - 30% - 15:11
3 - 21% - 20% - 9:00
4 - 5% - 10% - 2:08
PP Forward
1 - 54% - 60% - 3:22
2 - 46% - 40% - 2:52
PP Defense
1 - 56% - 60% - 3:28
2 - 44% - 40% - 2:46
PK Forward
1 - 75% - 60% - 6:27
2 - 25% - 40% - 2:10
PK Defense
1 - 54% - 60% - 4:37
2 - 46% - 40% - 4:00
PK3 Forward
1 - 0% - 60%
2 - 0% - 40%
PK3 Defense
1 - 0% - 60%
2 - 0% - 40%
44 Forward
1 - 75% - 60% - 1:19
2 - 25% - 40% - 0:26
44 Defense
1 - 70% - 60% - 1:13
2 - 30% - 40% - 0:32
Last Minute Offensive - 0:00
Last Minute Defensive - 0:00
Total
Forward - 60:00
Defense - 60:00
|
Play by Play
1st period
0:01 of 1st period - Marc Savard wins face-off versus Brayden Schenn in neutral zone.
0:27 of 1st period - Ryan Ellis is hit by Erik Gudbranson and loses puck.
1:00 of 1st period - Ryan Ellis is hit by Mike Komisarek.
1:34 of 1st period - Backhand shot by Martin St. Louis.
1:34 of 1st period - Deflect By David Legwand.
1:34 of 1st period - Shot Blocked by Patrick Eaves.
1:34 of 1st period - Puck is out of play.
1:35 of 1st period - Simon Gagné wins face-off versus Brayden Schenn in Panthers zone.
2:02 of 1st period - Drew Stafford is hit by Trevor Daley.
4:17 of 1st period - Chris Drury is hit by Alexander Perezhogin and loses puck.
4:40 of 1st period - Mark Eaton is hit by Matthew Spiller and loses puck.
4:45 of 1st period - Snap shot by Alex Galchenyuk.
4:45 of 1st period - Stopped by Jonathan Quick with a rebound.
4:47 of 1st period - Slapshot by Mike Komisarek.
4:47 of 1st period - Stopped by Jonathan Quick without a rebound.
4:48 of 1st period - Brayden Schenn wins face-off versus Marc Savard in Nordiques zone.
4:49 of 1st period - Wrist shot by Tomas Kopecky.
4:49 of 1st period - Shot Blocked by Dustin Byfuglien.
4:51 of 1st period - Backhand shot by Erik Gudbranson.
4:51 of 1st period - Deflect By Kyle Clifford.
4:51 of 1st period - Stopped by Jonathan Quick without a rebound.
4:52 of 1st period - Brayden Schenn wins face-off versus Marc Savard in Nordiques zone.
5:14 of 1st period - Minor Penalty to T.J. Fast for Hooking.
5:15 of 1st period - Marc Savard wins face-off versus Brayden Schenn in Nordiques zone.
5:46 of 1st period - David Legwand is hit by Jonathan Sigalet and loses puck.
7:14 of 1st period - Penalty to T.J. Fast is over, T.J. Fast is back on ice.
7:41 of 1st period - Radko Gudas is hit by Martin St. Louis and loses puck.
7:49 of 1st period - Off-side.
7:50 of 1st period - Jean-Gabriel Pageau wins face-off versus David Legwand in neutral zone.
7:54 of 1st period - Off-side.
7:55 of 1st period - David Legwand wins face-off versus Jean-Gabriel Pageau in neutral zone.
7:58 of 1st period - Jean-Gabriel Pageau is hit by David Legwand and loses puck.
9:05 of 1st period - Slapshot by Kyle Calder.
9:05 of 1st period - Stopped by Antti Niemi with a rebound.
9:07 of 1st period - Slapshot by Ryan Ellis.
9:07 of 1st period - Shot Blocked by Jonathan Sigalet.
9:09 of 1st period - Wrist shot by George Parros.
9:09 of 1st period - Shot Misses the Net.
9:11 of 1st period - Snap shot by Paul Gaustad.
9:11 of 1st period - Shot Misses the Net.
9:13 of 1st period - Slapshot by Fedor Tyutin.
9:13 of 1st period - Shot Misses the Net.
9:15 of 1st period - Snap shot by Kyle Calder.
9:15 of 1st period - Stopped by Antti Niemi without a rebound.
9:16 of 1st period - Marc Savard wins face-off versus Brayden Schenn in Panthers zone.
9:21 of 1st period - Snap shot by Vladimir Tarasenko.
9:21 of 1st period - Stopped by Antti Niemi with a rebound.
9:29 of 1st period - Snap shot by Brayden Schenn.
9:29 of 1st period - Stopped by Jonathan Quick without a rebound.
9:30 of 1st period - Brayden Schenn wins face-off versus Marc Savard in Nordiques zone.
9:46 of 1st period - Icing by Trevor Daley.
9:47 of 1st period - Marc Savard wins face-off versus Jean-Gabriel Pageau in Nordiques zone.
10:00 of 1st period - Snap shot by Daniel Sedin.
10:00 of 1st period - Shot Blocked by Mark Eaton.
10:03 of 1st period - Icing by Mark Eaton.
10:04 of 1st period - Marc Savard wins face-off versus Tomas Kopecky in Nordiques zone.
10:20 of 1st period - Wrist shot by Kyle Clifford.
10:20 of 1st period - Shot Blocked by Simon Gagné.
10:30 of 1st period - Mark Eaton is hit by Erik Gudbranson and loses puck.
10:56 of 1st period - Jonathan Sigalet is hit by Martin St. Louis.
11:00 of 1st period - Wrist shot by Erik Christensen.
11:00 of 1st period - Shot Misses the Net.
11:22 of 1st period - Wrist shot by Eric Wellwood.
11:22 of 1st period - Shot Misses the Net.
12:55 of 1st period - Minor Penalty to Mike Weber for Hooking.
12:56 of 1st period - Marc Savard wins face-off versus Erik Christensen in Panthers zone.
13:49 of 1st period - Mike Komisarek is hit by Vladimir Tarasenko and loses puck.
14:55 of 1st period - Penalty to Mike Weber is over, Mike Weber is back on ice.
14:58 of 1st period - Slapshot by Kyle Calder.
14:58 of 1st period - Shot Misses the Net.
15:00 of 1st period - Snap shot by George Parros.
15:00 of 1st period - Shot Blocked by Erik Gudbranson.
15:02 of 1st period - Slapshot by Mark Eaton.
15:02 of 1st period - Stopped by Antti Niemi with a rebound.
15:08 of 1st period - Snap shot by George Parros.
15:08 of 1st period - Stopped by Antti Niemi with a rebound.
15:20 of 1st period - Kyle Clifford is hit by David Legwand and loses puck.
15:24 of 1st period - Icing by Brayden Schenn.
15:25 of 1st period - Paul Gaustad wins face-off versus Kyle Clifford in Panthers zone.
15:30 of 1st period - Snap shot by George Parros.
15:30 of 1st period - Stopped by Antti Niemi with a rebound.
17:35 of 1st period - Wrist shot by Marc Savard.
17:35 of 1st period - Stopped by Antti Niemi without a rebound.
17:36 of 1st period - Erik Christensen wins face-off versus Marc Savard in Panthers zone.
18:05 of 1st period - Wrist shot by Patrick Eaves.
18:05 of 1st period - Stopped by Jonathan Quick with a rebound.
18:07 of 1st period - Slapshot by Mike Weber.
18:07 of 1st period - Shot Blocked by Fedor Tyutin.
18:09 of 1st period - Slapshot by Radko Gudas.
18:09 of 1st period - Stopped by Jonathan Quick with a rebound.
18:11 of 1st period - Snap shot by Mike Weber.
18:11 of 1st period - Stopped by Jonathan Quick with a rebound.
18:13 of 1st period - Snap shot by Radko Gudas.
18:13 of 1st period - Stopped by Jonathan Quick without a rebound.
18:14 of 1st period - Chris Drury wins face-off versus Brayden Schenn in Nordiques zone.
18:16 of 1st period - Minor Penalty to Trevor Daley for Interference.
18:17 of 1st period - Marc Savard wins face-off versus Kyle Clifford in Nordiques zone.
18:49 of 1st period - Ryan Ellis is hit by Jean-Gabriel Pageau.
18:53 of 1st period - David Legwand is hit by Jean-Gabriel Pageau and loses puck.
Goals for this period are 0 for Panthers vs 0 for Nordiques.
Shots for this period are 8 for Panthers vs 7 for Nordiques.
2nd period
0:01 of 2nd period - Brayden Schenn wins face-off versus Marc Savard in neutral zone.
0:14 of 2nd period - Wrist shot by Tomas Kopecky.
0:14 of 2nd period - Goal by Tomas Kopecky - Panthers : 1 - Nordiques : 0.
0:15 of 2nd period - Simon Gagné wins face-off versus Brayden Schenn in neutral zone.
0:24 of 2nd period - Wrist shot by Marc Savard.
0:24 of 2nd period - Stopped by Antti Niemi without a rebound.
0:25 of 2nd period - Marc Savard wins face-off versus Brayden Schenn in Panthers zone.
1:43 of 2nd period - Slapshot by Marc Savard.
1:43 of 2nd period - Shot Blocked by Tomas Kopecky.
1:45 of 2nd period - Snap shot by Fedor Tyutin.
1:45 of 2nd period - Stopped by Antti Niemi without a rebound.
1:46 of 2nd period - Chris Drury wins face-off versus Jean-Gabriel Pageau in Panthers zone.
1:54 of 2nd period - Slapshot by R.J. Umberger.
1:54 of 2nd period - Stopped by Antti Niemi with a rebound.
1:56 of 2nd period - Snap shot by R.J. Umberger.
1:56 of 2nd period - Stopped by Antti Niemi with a rebound.
1:58 of 2nd period - Snap shot by Jean-Pierre Dumont.
1:58 of 2nd period - Goal by Jean-Pierre Dumont - Panthers : 1 - Nordiques : 1.
1:59 of 2nd period - R.J. Umberger wins face-off versus Daniel Sedin in neutral zone.
2:35 of 2nd period - Wrist shot by Matt Moulson.
2:35 of 2nd period - Goal by Matt Moulson - Panthers : 1 - Nordiques : 2.
2:36 of 2nd period - Chris Drury wins face-off versus Brayden Schenn in neutral zone.
2:39 of 2nd period - Slapshot by Ryan Ellis.
2:39 of 2nd period - Shot Blocked by Tomas Kopecky.
3:28 of 2nd period - Trevor Daley is hit by Jean-Gabriel Pageau and loses puck.
3:43 of 2nd period - Snap shot by Jonathan Sigalet.
3:43 of 2nd period - Stopped by Jonathan Quick with a rebound.
3:45 of 2nd period - Snap shot by Jean-Gabriel Pageau.
3:45 of 2nd period - Stopped by Jonathan Quick with a rebound.
3:47 of 2nd period - Slapshot by Mike Komisarek.
3:47 of 2nd period - Deflect By Drew Stafford.
3:47 of 2nd period - Stopped by Jonathan Quick with a rebound.
3:49 of 2nd period - Slapshot by Drew Stafford.
3:49 of 2nd period - Stopped by Jonathan Quick without a rebound.
3:50 of 2nd period - Brayden Schenn wins face-off versus Marc Savard in Nordiques zone.
4:01 of 2nd period - Wrist shot by Brayden Schenn.
4:01 of 2nd period - Deflect By Kyle Clifford.
4:01 of 2nd period - Shot Blocked by Simon Gagné.
4:01 of 2nd period - Puck is out of play.
4:02 of 2nd period - Chris Drury wins face-off versus Brayden Schenn in Nordiques zone.
4:02 of 2nd period - Chris Drury is hit by Erik Gudbranson.
4:52 of 2nd period - Wrist shot by Martin St. Louis.
4:52 of 2nd period - Stopped by Antti Niemi with a rebound.
4:54 of 2nd period - Snap shot by David Legwand.
4:54 of 2nd period - Stopped by Antti Niemi without a rebound.
4:55 of 2nd period - Chris Drury wins face-off versus Brayden Schenn in Panthers zone.
5:29 of 2nd period - Snap shot by Trevor Daley.
5:29 of 2nd period - Shot Blocked by Drew Stafford.
6:44 of 2nd period - David Legwand is hit by Radko Gudas and loses puck.
6:56 of 2nd period - Icing by Ryan Ellis.
6:57 of 2nd period - Brayden Schenn wins face-off versus David Legwand in Nordiques zone.
7:00 of 2nd period - Snap shot by Brayden Schenn.
7:00 of 2nd period - Shot Blocked by Ryan Ellis.
7:23 of 2nd period - Minor Penalty to Fedor Tyutin for Hooking.
7:24 of 2nd period - Kyle Clifford wins face-off versus Marc Savard in Nordiques zone.
7:59 of 2nd period - Slapshot by Drew Stafford.
7:59 of 2nd period - Stopped by Jonathan Quick without a rebound.
8:00 of 2nd period - Marc Savard wins face-off versus Jean-Gabriel Pageau in Nordiques zone.
9:23 of 2nd period - Penalty to Fedor Tyutin is over, Fedor Tyutin is back on ice.
9:33 of 2nd period - Paul Gaustad is hit by Erik Christensen and loses puck.
10:10 of 2nd period - Mark Eaton is hit by Drew Stafford and loses puck.
11:07 of 2nd period - Kyle Calder is hit by Jonathan Matsumoto and loses puck.
11:28 of 2nd period - Snap shot by Drew Stafford.
11:28 of 2nd period - Stopped by Jonathan Quick without a rebound.
11:29 of 2nd period - Chris Drury wins face-off versus Jean-Gabriel Pageau in Nordiques zone.
11:45 of 2nd period - Snap shot by Jean-Pierre Dumont.
11:45 of 2nd period - Stopped by Antti Niemi without a rebound.
11:46 of 2nd period - Brayden Schenn wins face-off versus Vladimir Tarasenko in Panthers zone.
11:50 of 2nd period - Off-side.
11:51 of 2nd period - Marc Savard wins face-off versus Brayden Schenn in neutral zone.
11:54 of 2nd period - Wrist shot by Simon Gagné.
11:54 of 2nd period - Stopped by Antti Niemi without a rebound.
11:55 of 2nd period - Brayden Schenn wins face-off versus Marc Savard in Panthers zone.
12:20 of 2nd period - Snap shot by Brayden Schenn.
12:20 of 2nd period - Stopped by Jonathan Quick with a rebound.
12:22 of 2nd period - Wrist shot by Tomas Kopecky.
12:22 of 2nd period - Stopped by Jonathan Quick without a rebound.
12:23 of 2nd period - Jean-Gabriel Pageau wins face-off versus Chris Drury in Nordiques zone.
12:36 of 2nd period - Snap shot by Daniel Sedin.
12:36 of 2nd period - Stopped by Jonathan Quick without a rebound.
12:37 of 2nd period - Marc Savard wins face-off versus Brayden Schenn in Nordiques zone.
12:50 of 2nd period - Slapshot by Brayden Schenn.
12:50 of 2nd period - Shot Misses the Net.
12:52 of 2nd period - Slapshot by Jonathan Sigalet.
12:52 of 2nd period - Stopped by Jonathan Quick without a rebound.
12:53 of 2nd period - Jean-Gabriel Pageau wins face-off versus Chris Drury in Nordiques zone.
13:08 of 2nd period - Snap shot by Drew Stafford.
13:08 of 2nd period - Deflect By Daniel Sedin.
13:08 of 2nd period - Shot Misses the Net.
13:08 of 2nd period - Puck is out of play.
13:09 of 2nd period - Marc Savard wins face-off versus Brayden Schenn in Nordiques zone.
13:09 of 2nd period - Marc Savard is hit by Jonathan Sigalet.
13:55 of 2nd period - Snap shot by Fedor Tyutin.
13:55 of 2nd period - Deflect By Patrick Eaves.
13:55 of 2nd period - Stopped by Antti Niemi with a rebound.
14:01 of 2nd period - Snap shot by Martin St. Louis.
14:01 of 2nd period - Deflect By Matt Moulson.
14:01 of 2nd period - Shot Blocked by Matthew Spiller.
14:01 of 2nd period - Puck is out of play.
14:02 of 2nd period - Marc Savard wins face-off versus Brayden Schenn in Panthers zone.
14:27 of 2nd period - Chris Drury is hit by Matthew Spiller and loses puck.
14:53 of 2nd period - Minor Penalty to Jean-Gabriel Pageau for Tripping.
14:54 of 2nd period - Erik Christensen wins face-off versus Marc Savard in Panthers zone.
14:58 of 2nd period - Snap shot by Erik Christensen.
14:58 of 2nd period - Shot Misses the Net.
15:00 of 2nd period - Snap shot by Drew Stafford.
15:00 of 2nd period - Shot Blocked by Ryan Ellis.
15:36 of 2nd period - Simon Gagné is hit by Kyle Clifford and loses puck.
16:49 of 2nd period - Slapshot by Brayden Schenn.
16:49 of 2nd period - Stopped by Jonathan Quick with a rebound.
16:53 of 2nd period - Penalty to Jean-Gabriel Pageau is over, Jean-Gabriel Pageau is back on ice.
17:57 of 2nd period - Paul Gaustad is hit by Eric Wellwood.
18:07 of 2nd period - Daniel Sedin is hit by Trevor Daley and loses puck.
18:24 of 2nd period - Simon Gagné is hit by Brayden Schenn and loses puck.
18:31 of 2nd period - Snap shot by Tomas Kopecky.
18:31 of 2nd period - Stopped by Jonathan Quick without a rebound.
18:32 of 2nd period - Patrick Eaves wins face-off versus Chris Drury in Nordiques zone.
18:37 of 2nd period - Wrist shot by Erik Christensen.
18:37 of 2nd period - Shot Misses the Net.
18:43 of 2nd period - Snap shot by Erik Christensen.
18:43 of 2nd period - Stopped by Jonathan Quick with a rebound.
19:15 of 2nd period - Minor Penalty to Dustin Byfuglien for Hooking.
19:16 of 2nd period - Brayden Schenn wins face-off versus Marc Savard in Nordiques zone.
19:17 of 2nd period - Slapshot by Erik Gudbranson.
19:17 of 2nd period - Deflect By Marc Savard.
19:17 of 2nd period - Goal by Erik Gudbranson - Panthers : 2 - Nordiques : 2.
19:18 of 2nd period - Brayden Schenn wins face-off versus Marc Savard in neutral zone.
19:29 of 2nd period - Slapshot by Tomas Kopecky.
19:29 of 2nd period - Shot Blocked by Ryan Ellis.
19:39 of 2nd period - Minor Penalty to Fedor Tyutin for Tripping.
19:40 of 2nd period - Marc Savard wins face-off versus Brayden Schenn in Nordiques zone.
19:40 of 2nd period - Marc Savard is hit by Tomas Kopecky.
19:53 of 2nd period - Minor Penalty to Matthew Spiller for Tripping.
19:54 of 2nd period - Brayden Schenn wins face-off versus Marc Savard in Panthers zone.
Goals for this period are 2 for Panthers vs 2 for Nordiques.
Shots for this period are 15 for Panthers vs 11 for Nordiques.
3rd period
0:01 of 3rd period - Marc Savard wins face-off versus Brayden Schenn in neutral zone.
0:08 of 3rd period - Slapshot by Ryan Ellis.
0:08 of 3rd period - Shot Misses the Net.
0:10 of 3rd period - Slapshot by Dustin Byfuglien.
0:10 of 3rd period - Shot Blocked by Erik Gudbranson.
0:42 of 3rd period - Jean-Gabriel Pageau is hit by Trevor Daley and loses puck.
0:55 of 3rd period - David Legwand is hit by Jean-Gabriel Pageau and loses puck.
1:39 of 3rd period - Penalty to Fedor Tyutin is over, Fedor Tyutin is back on ice.
1:46 of 3rd period - Mike Komisarek is hit by Marc Savard.
1:53 of 3rd period - Penalty to Matthew Spiller is over, Matthew Spiller is back on ice.
1:56 of 3rd period - Mike Komisarek is hit by T.J. Fast and loses puck.
2:15 of 3rd period - Erik Gudbranson is hit by George Parros and loses puck.
2:46 of 3rd period - Wrist shot by Chris Drury.
2:46 of 3rd period - Shot Misses the Net.
2:58 of 3rd period - Snap shot by Erik Christensen.
2:58 of 3rd period - Shot Misses the Net.
3:00 of 3rd period - Slapshot by Mike Weber.
3:00 of 3rd period - Shot Misses the Net.
3:02 of 3rd period - Snap shot by Matthew Spiller.
3:02 of 3rd period - Stopped by Jonathan Quick without a rebound.
3:03 of 3rd period - Brayden Schenn wins face-off versus Paul Gaustad in Nordiques zone.
3:31 of 3rd period - Jonathan Sigalet is hit by Simon Gagné and loses puck.
3:40 of 3rd period - Vladimir Tarasenko is hit by Alexander Perezhogin and loses puck.
4:10 of 3rd period - Trevor Daley is hit by Jean-Gabriel Pageau and loses puck.
4:29 of 3rd period - Snap shot by Jean-Pierre Dumont.
4:29 of 3rd period - Stopped by Antti Niemi with a rebound.
4:31 of 3rd period - Snap shot by Mark Eaton.
4:31 of 3rd period - Shot Misses the Net.
5:37 of 3rd period - Jean-Gabriel Pageau is hit by Dustin Byfuglien and loses puck.
7:22 of 3rd period - Wrist shot by Paul Gaustad.
7:22 of 3rd period - Shot Blocked by Matthew Spiller.
7:39 of 3rd period - Tomas Kopecky is hit by Trevor Daley and loses puck.
8:40 of 3rd period - Wrist shot by Matt Moulson.
8:40 of 3rd period - Deflect By Martin St. Louis.
8:40 of 3rd period - Shot Misses the Net.
8:40 of 3rd period - Puck is out of play.
8:41 of 3rd period - Brayden Schenn wins face-off versus David Legwand in Panthers zone.
8:56 of 3rd period - Slapshot by Brayden Schenn.
8:56 of 3rd period - Goal by Brayden Schenn - Panthers : 3 - Nordiques : 2.
8:57 of 3rd period - Brayden Schenn wins face-off versus Marc Savard in neutral zone.
9:36 of 3rd period - Minor Penalty to Jean-Gabriel Pageau for Hooking.
9:37 of 3rd period - Erik Christensen wins face-off versus Marc Savard in Panthers zone.
9:46 of 3rd period - Wrist shot by Drew Stafford.
9:46 of 3rd period - Shot Misses the Net.
10:19 of 3rd period - Trevor Daley is hit by Alexander Perezhogin and loses puck.
10:32 of 3rd period - Snap shot by Jean-Pierre Dumont.
10:32 of 3rd period - Stopped by Antti Niemi with a rebound.
11:09 of 3rd period - Alex Galchenyuk is hit by R.J. Umberger and loses puck.
11:36 of 3rd period - Penalty to Jean-Gabriel Pageau is over, Jean-Gabriel Pageau is back on ice.
12:23 of 3rd period - Snap shot by Erik Christensen.
12:23 of 3rd period - Shot Blocked by David Legwand.
14:44 of 3rd period - Slapshot by David Legwand.
14:44 of 3rd period - Stopped by Antti Niemi without a rebound.
14:45 of 3rd period - David Legwand wins face-off versus Erik Christensen in Panthers zone.
14:51 of 3rd period - Minor Penalty to David Legwand for Slashing.
14:52 of 3rd period - Marc Savard wins face-off versus Brayden Schenn in Nordiques zone.
15:16 of 3rd period - Tomas Kopecky is hit by Vladimir Tarasenko and loses puck.
16:18 of 3rd period - Slapshot by Chris Drury.
16:18 of 3rd period - Stopped by Antti Niemi with a rebound.
16:51 of 3rd period - Penalty to David Legwand is over, David Legwand is back on ice.
17:03 of 3rd period - Snap shot by Brayden Schenn.
17:03 of 3rd period - Shot Hit the Post.
17:05 of 3rd period - Slapshot by Mike Komisarek.
17:05 of 3rd period - Stopped by Jonathan Quick with a rebound.
17:09 of 3rd period - Slapshot by Brayden Schenn.
17:09 of 3rd period - Shot Misses the Net.
17:11 of 3rd period - Slapshot by Mike Komisarek.
17:11 of 3rd period - Stopped by Jonathan Quick with a rebound.
17:13 of 3rd period - Snap shot by Tomas Kopecky.
17:13 of 3rd period - Goal by Tomas Kopecky - Panthers : 4 - Nordiques : 2.
17:14 of 3rd period - David Legwand wins face-off versus Erik Christensen in neutral zone.
17:19 of 3rd period - Slapshot by Martin St. Louis.
17:19 of 3rd period - Stopped by Antti Niemi with a rebound.
17:35 of 3rd period - Minor Penalty to David Legwand for Roughing.
17:36 of 3rd period - Marc Savard wins face-off versus Jean-Gabriel Pageau in Nordiques zone.
17:45 of 3rd period - Slapshot by Erik Gudbranson.
17:45 of 3rd period - Stopped by Jonathan Quick without a rebound.
17:46 of 3rd period - Jean-Gabriel Pageau wins face-off versus Marc Savard in Nordiques zone.
17:57 of 3rd period - Slapshot by Erik Gudbranson.
17:57 of 3rd period - Stopped by Jonathan Quick with a rebound.
17:59 of 3rd period - Slapshot by Jean-Gabriel Pageau.
17:59 of 3rd period - Shot Blocked by Fedor Tyutin.
18:01 of 3rd period - Slapshot by Matthew Spiller.
18:01 of 3rd period - Deflect By Daniel Sedin.
18:01 of 3rd period - Goal by Daniel Sedin - Panthers : 5 - Nordiques : 2.
18:02 of 3rd period - Brayden Schenn wins face-off versus Simon Gagné in neutral zone.
18:38 of 3rd period - Backhand shot by Drew Stafford.
18:38 of 3rd period - Deflect By Daniel Sedin.
18:38 of 3rd period - Shot Blocked by Ryan Ellis.
18:38 of 3rd period - Puck is out of play.
18:39 of 3rd period - David Legwand wins face-off versus Erik Christensen in Nordiques zone.
18:44 of 3rd period - Wrist shot by Alex Galchenyuk.
18:44 of 3rd period - Stopped by Jonathan Quick with a rebound.
18:46 of 3rd period - Slapshot by Patrick Eaves.
18:46 of 3rd period - Shot Blocked by Trevor Daley.
19:39 of 3rd period - Minor Penalty to Tomas Kopecky for Holding.
19:40 of 3rd period - Marc Savard wins face-off versus Erik Christensen in Panthers zone.
19:40 of 3rd period - Snap shot by Vladimir Tarasenko.
19:40 of 3rd period - Shot Hit the Post.
19:42 of 3rd period - Wrist shot by Vladimir Tarasenko.
19:42 of 3rd period - Goal by Vladimir Tarasenko - Panthers : 5 - Nordiques : 3.
19:43 of 3rd period - David Legwand wins face-off versus Patrick Eaves in neutral zone.
Goals for this period are 3 for Panthers vs 1 for Nordiques.
Shots for this period are 9 for Panthers vs 6 for Nordiques.
Back to the Top